 Dungeon Crawl Stone Soup version 0.29-a0-275-g389c0b56f3 (webtiles) character file.

Game seed: 8781315076556675123

139613 Ajdolov the Sharpshooter (level 17, -15/124 HPs)
             Began as a Formicid Hunter on Mar 11, 2022.
             Was the Champion of Hepliaklqana.
             Demolished by a naga warrior
             ... wielding a +0 mace of protection
              (24 damage)
             ... on level 2 of the Snake Pit on Mar 12, 2022.
             The game lasted 01:22:06 (31648 turns).

Ajdolov the Sharpshooter (Formicid Hunter)         Turns: 31648, Time: 01:22:06

Health: -15/124    AC: 24    Str: 20    XL:     17   Next: 89%
Magic:  20/20      EV: 11    Int: 14    God:    Hepliaklqana [******]
Gold:   2894       SH:  7    Dex: 17    Spells: 16/16 levels left

rFire   + . .      SeeInvis +   b - +9 lance "Wyrmbane" {slay drac, rPois rF+ rC+ AC+3}
rCold   + . .      Faith    .   O - +0 buckler
rNeg    + + .      Spirit   .   p - +3 leather armour of Dyspraxia {rN++ Will+ Str+2}
rPois   +          Reflect  .   (helmet unavailable)
rElec   .          Harm     .   M - +2 cloak {Stlth+}
rCorr   +          Rampage  .   A - +2 pair of gloves
Will    +++..                   u - +2 pair of boots
Stlth   +++.......              h - amulet of regeneration
HPRegen 1.10/turn               V - ring "Utren Duneun" {Will+ rCorr Str+2}
MPRegen 0.17/turn               j - +4 ring of protection

@: constricted
A: reduced essence, permanent stasis, dig shafts and tunnels, antennae 3, four
strong arms
a: Dig, Shaft Self, Renounce Religion, Recall Ancestor, Ancestor Identity,
Transference, Idealise


You were on level 2 of the Snake Pit.
You worshipped Hepliaklqana.
Hepliaklqana was exalted by your worship.
You visited 5 branches of the dungeon, and saw 26 of its levels.
You also visited: Sewer.

You collected 3094 gold pieces.
You spent 200 gold pieces at shops.

Inventory:

Hand Weapons
 a - a +4 triple crossbow
 b - the +9 lance "Wyrmbane" (weapon) {slay drac, rPois rF+ rC+ AC+3}
   (You took it off Maggie on level 7 of the Dungeon)

   It inflicts extra damage against dragons and draconians.
   AC:        It affects your AC (+3).
   rF:        It protects you from fire.
   rC:        It protects you from cold.
   rPois:     It protects you from poison.
Missiles
 m - 4 throwing nets
Armour
 p - the +3 leather armour of Dyspraxia (worn) {rN++ Will+ Str+2}
   (You found it on level 4 of the Dungeon)

   Str:       It affects your strength (+2).
   rN:        It greatly protects you from negative energy.
   Will:      It increases your willpower.
 q - a +0 kite shield
 u - a +2 pair of boots (worn)
 A - a +2 pair of gloves (worn)
 M - a +2 cloak of stealth (worn)
 O - a +0 buckler (worn)
Jewellery
 h - an amulet of regeneration (around neck)
 j - a +4 ring of protection (right hand)
 n - a ring of flight
 w - a ring of protection from fire
 Q - a ring of willpower
 V - the ring "Utren Duneun" (left hand) {Will+ rCorr Str+2}
   (You found it on level 6 of the Lair of Beasts)

   [ring of willpower]

   Str:       It affects your strength (+2).
   rCorr:     It protects you from acid and corrosion.
   Will:      It increases your willpower.
 Z - a ring of positive energy
Wands
 d - a wand of acid (14)
 x - a wand of digging (9)
 D - a wand of flame (54)
 G - a wand of iceblast (15)
 L - a wand of mindburst (10)
 X - a wand of polymorph (6)
Scrolls
 c - 8 scrolls of immolation
 f - 2 scrolls of fear
 i - a scroll of enchant weapon
 o - 5 scrolls of vulnerability
 v - 6 scrolls of noise
 y - 6 scrolls of magic mapping
 I - 5 scrolls of amnesia
 J - 2 scrolls of silence
 K - a scroll of summoning
 R - a scroll of torment
 S - a scroll of fog
 T - 8 scrolls of identify
Potions
 e - 8 potions of curing
 g - 5 potions of resistance
 k - 6 potions of lignification
 l - a potion of cancellation
 r - 2 potions of ambrosia
 s - 6 potions of might
 t - 3 potions of berserk rage
 z - 4 potions of magic
 B - 3 potions of invisibility
 C - 5 potions of haste
 E - 5 potions of attraction
 F - 4 potions of flight
 H - 5 potions of degeneration
 P - 3 potions of heal wounds
 W - 2 potions of mutation
Miscellaneous
 N - a condenser vane
 U - a phial of floods
 Y - a phantom mirror


   Skills:
 + Level 13.7 Fighting
 - Level 12.0 Polearms
 * Level 18.5 Crossbows
 - Level 10.5 Armour
 + Level 5.6 Dodging
 - Level 1.2 Stealth
 - Level 11.6 Shields
 + Level 5.3 Invocations
 - Level 11.5 Evocations


You had 16 spell levels left.
You didn't know any spells.
Your spell library contained the following spells:

 Spells                   Type           Power      Damage    Failure   Level
 Animate Skeleton         Necr           0%         N/A       36%         1
 Pain                     Necr           0%         1d4       36%         1
 Ensorcelled Hibernation  Hex/Ice        0%         N/A       50%         2
 Scorch                   Fire           0%         2d5       50%         2
 Sublimation of Blood     Necr           0%         N/A       50%         2
 Wereblood                Tmut           0%         N/A       50%         2
 Conjure Flame            Conj/Fire      0%         6-21      73%         3
 Dazzling Flash           Conj/Hex       0%         N/A       73%         3
 Ignite Poison            Fire/Tmut/Pois 0%         N/A       73%         3
 Portal Projectile        Hex/Tloc       0%         N/A       73%         3
 Spider Form              Tmut/Pois      0%         N/A       73%         3
 Summon Guardian Golem    Hex/Summ       0%         N/A       73%         3
 Vampiric Draining        Necr           0%         2d6       73%         3
 Anguish                  Hex/Necr       0%         N/A       98%         4
 Flame Wave               Conj/Fire      0%         2d4       98%         4
 Leda's Liquefaction      Hex/Erth       0%         N/A       98%         4
 Sticky Flame             Conj/Fire      0%         2d3       98%         4
 Agony                    Necr           0%         N/A       100%        5
 Blade Hands              Tmut           0%         N/A       100%        5
 Excruciating Wounds      Necr           0%         N/A       100%        5
 Lee's Rapid Deconstruct  Erth           0%         3d5*      100%        5
 Silence                  Hex/Air        0%         N/A       100%        5
 Summon Forest            Summ/Tloc      0%         N/A       100%        5
 Summon Mana Viper        Hex/Summ       0%         N/A       100%        5
 Statue Form              Tmut/Erth      0%         N/A       100%        6
 Summon Cactus Giant      Summ           0%         N/A       100%        6
 Orb of Destruction       Conj           0%         9d5       100%        7
 Spellforged Servitor     Conj/Summ      0%         N/A       100%        7
 Summon Hydra             Summ           0%         N/A       100%        7


Dungeon Overview and Level Annotations

Branches:
Dungeon (15/15)            Temple (1/1) D:5            Lair (6/6) D:10
  Swamp (0/4) Lair:4        Snake (2/4) Lair:3        Slime (0/5) Lair:6
    Orc (2/2) D:11            Elf (0/3) Orc:2        Vaults (0/5) D:13
 Depths (0/4) D:15          Sewer (visited)

Altars:
Ashenzari
Cheibriados
Dithmenos
Elyvilon
Fedhas
Gozag
Hepliaklqana
Kikubaaqudgha
Makhleb
Nemelex Xobeh
Okawaru
Qazlal
Ru
Sif Muna
Trog
Uskayaw
Vehumet
Wu Jian
Xom
Yredelemnul
Zin
The Shining One
Jiyva

Shops:
D:1 *   D:5 (   D:8 [:[:   D:12 (   Orc:1 =   Orc:2 ((*(

Annotations:
D:6 3 runed translucent doors, conein's ghost, weakling PaWr
D:9 3 runed translucent doors, Karim's ghost, novice GnFi
Lair:2 exclusion: oklob plant
Lair:3 1 runed translucent door, Zgarb's ghost, journeyman GrEE
Snake:1 exclusion: downstairs
Snake:2 Vashnia
Orc:2 1 runed translucent door, p0werm0de's ghost, journeyman DDFi


Innate Abilities, Weirdness & Mutations

Your life essence is reduced to manifest your ancestor. (-10% HP)
You cannot be hasted, slowed, berserked, paralysed or teleported.
You can dig through walls and to a lower floor.
You have a pair of large antennae on your head. (SInv)
Your four strong arms can wield two-handed weapons with a shield.


Message History

The naga warrior roars a battlecry!
The naga warrior goes into a battle-frenzy!
You puncture the naga warrior!
The naga warrior is moderately wounded.
The naga sharpshooter shoots a bolt.
The bolt closely misses you.
The bolt hits the naga sharpshooter!!
The salamander hits you with a +0 trident.
You are engulfed in flames.
You resist.
The black mamba bites you but does no damage.
The naga warrior roars a battlecry!
The naga warrior goes into a battle-frenzy!
You puncture the naga warrior!
The naga warrior is heavily wounded.
The black mamba misses you.
The naga warrior hits you with a +0 glaive!!
* * * LOW HITPOINT WARNING * * *
The naga warrior grabs you. The naga warrior constricts you.
The naga sharpshooter shoots a bolt.
You block the bolt.
Okay, then.
Okay, then.
Edmée is not nearby!
Are you sure you want to shaft yourself?
The black mamba bites you but does no damage.
The naga sharpshooter casts a spell.
The naga sharpshooter magically shoots a bolt.
You block the bolt.
The salamander hits you but does no damage.
The naga warrior hits you with a +0 mace of protection!!
* * * LOW HITPOINT WARNING * * *
The naga sharpshooter shoots a bolt.
The bolt hits you but does no damage. The naga warrior spits poison at you.
The splash of poison hits you. You resist.
* * * LOW HITPOINT WARNING * * *
The naga warrior constricts you.
The black mamba bites you but does no damage.
You begin to dig a shaft.
You continue digging a shaft.
The salamander barely misses you.
The naga sharpshooter shoots a bolt.
The bolt hits you but does no damage. The black mamba barely misses you.
The naga warrior hits you with a +0 mace of protection!!
You die...

.......##...........†..#
.##....................#
.##....................#
###....................# {
##..............R#.....#
..............)..#......#
..........(.....NS........
...............NSN.........
.......[........@..........
...............NNN.........
############.....########
############..)..####
............))......#
....................#
....................#
....................#
....................#


You could see the friendly Edmée the knight, 2 naga warriors, 3 naga
sharpshooters, a salamander (strong), a guardian serpent and a black mamba.

Vanquished Creatures
  Jorgrun (D:13)
  Rupert (D:13)
  8 slime creatures
  2 orc warlords (Orc:1)
  2 rakshasas (D:14)
  2 boulder beetles
  4 hydras
  3 ogre magi (Orc:2)
  3 centaur warriors
  16 two-headed ogres
  A catoblepas (Lair:6)
  A death knight (D:14)
  4 anacondas
  A tengu warrior (D:15)
  9 death yaks
  A naga sharpshooter (Snake:1)
  A shock serpent (Snake:2)
  Sonja (Orc:1)
  Amaemon (D:10)
  A salamander mystic (Snake:2)
  Lodul (D:13)
  A naga ritualist (Snake:1)
  Pikel (D:8)
  A deep elf pyromancer (D:14)
  A harpy (Lair:6)
  3 wizards (D:13)
  A necromancer (D:15)
  2 wolf spider zombies
  A deep elf zephyrmancer (D:15)
  3 orc sorcerers
  A mana viper (Snake:1)
  3 ugly things
  4 salamanders
  2 manticores
  4 oklob plants (Lair:5)
  5 elephants
  2 cyclopes (D:14)
  3 naga magi (Snake:1)
  2 guardian serpents (Snake:1)
  Joseph (D:7)
  13 black mambas
  15 cane toads
  A centaur skeleton (D:15)
  5 komodo dragons
  Maggie (D:7)
  2 rime drakes
  A freezing wraith (D:15)
  3 kobold demonologists (D:8)
  4 trolls
  A wind drake (Lair:6)
  2 hornets (Lair:6)
  Prince Ribbit (D:8)
  A tarantella (shapeshifter) (D:13)
  8 blink frogs
  2 dream sheep (D:14)
  2 centaur simulacra (D:15)
  A wyvern (D:8)
  10 humans (D:13)
  A yak (shapeshifter) (D:15)
  30 yaks
  2 hogs
  5 vampire mosquitoes
  2 basilisks
  3 steam dragons (Lair:6)
  9 nagas
  A warg (Orc:1)
  An acid dragon (D:13)
  13 water moccasins
  Duvessa (D:7)
  A hornet zombie (D:8)
  13 orc warriors
  2 sky beasts
  Pargi (Sewer)
  4 black bears
  2 ice beasts
  11 wolves
  4 centaurs
  17 ogres
  2 lemures
  Blork the orc (D:4)
  4 kobold brigands
  19 bullfrogs
  12 necrophages
  A gnoll sergeant (D:8)
  A wyvern zombie (D:8)
  3 scorpions
  14 wights
  18 killer bees
  6 electric eels (D:10)
  2 howler monkeys
  5 jellies
  6 orc priests
  2 hounds
  3 centaur zombies
  A gnoll shaman (D:7)
  4 iguanas (D:5)
  2 hell rats (Lair:3)
  16 orc wizards
  2 killer bee zombies (D:8)
  4 mummies (D:8)
  Robin (D:4)
  6 adders
  9 gnolls
  A shadow imp (D:8)
  A white imp (D:6)
  2 ufetubi
  7 worms
  4 dart slugs
  41 orcs
  3 endoplasms
  A giant cockroach (D:4)
  15 goblins
  11 hobgoblins
  9 jackals
  21 kobolds
  3 quokkas
  7 ball pythons
  6 bats
  9 frilled lizards
586 creatures vanquished.

Vanquished Creatures (collateral kills)
  Kirke (D:14)
  Fannar (Lair:1)
  A boulder beetle (Lair:6)
  2 ogre magi
  A catoblepas (Lair:6)
  A vault guard (D:13)
  3 naga warriors
  2 centaur warriors
  6 hydras
  9 two-headed ogres
  A merfolk avatar (Lair:6)
  2 anacondas (Snake:1)
  A death yak (Lair:3)
  2 tengu warriors
  A naga sharpshooter (Snake:1)
  A naga ritualist (Snake:1)
  A deep elf zephyrmancer (D:15)
  A necromancer (D:13)
  A mana viper (Snake:1)
  3 cyclopes
  4 ugly things
  A will-o-the-wisp (Lair:4)
  A salamander (Snake:2)
  3 manticores
  An elephant (Lair:6)
  3 naga magi
  10 black mambas
  A torpor snail (Lair:6)
  An orange demon (D:10)
  2 cane toads
  A komodo dragon (Lair:4)
  A kobold demonologist (D:8)
  4 trolls
  A wind drake (Lair:6)
  3 polar bears
  8 slime creatures
  5 blink frogs
  2 wyverns
  2 wraiths (D:11)
  A shadow (D:10)
  22 yaks
  8 humans (D:13)
  3 basilisks
  3 vampire mosquitoes
  6 nagas
  3 wargs
  An acid dragon (D:9)
  12 water moccasins
  A black bear (Lair:5)
  8 orc warriors
  10 wolves
  A centaur (D:13)
  13 ogres
  4 kobold brigands
  4 bullfrogs
  6 necrophages
  A scorpion (D:6)
  Dowan (D:7)
  5 wights (D:8)
  10 killer bees
  A howler monkey (D:8)
  2 centaur zombies
  An orc priest (Orc:1)
  A gnoll shaman (D:7)
  An iguana (D:6)
  4 orc wizards
  4 hell rats (Lair:3)
  A mummy (D:8)
  4 gnolls
  A shadow imp (D:8)
  32 orcs
270 creatures vanquished.

Vanquished Creatures (others)
  A yak (Lair:6)
  A human (D:14)
  23 knights
  12 ancestors
  A gnoll (D:7)
  9 foxfires (Lair:4)
  21 fungi
  73 plants
  10 withered plants (D:8)
151 creatures vanquished.

Grand Total: 1007 creatures vanquished

Notes
Turn   | Place    | Note
-------+----------+-------------------------------------------
     0 | D:1      | Ajdolov the Formicid Hunter began the quest for the Orb.
     0 | D:1      | Reached XP level 1. HP: 16/16 MP: 1/1
    41 | D:1      | Reached XP level 2. HP: 15/22 MP: 2/2
   171 | D:1      | Found Sydghees's Assorted Antiques.
   547 | D:1      | Reached XP level 3. HP: 27/27 MP: 3/3
   727 | D:2      | Reached skill level 5 in Crossbows
   767 | D:2      | Reached XP level 4. HP: 31/33 MP: 4/4
   971 | D:2      | Identified the +7 falchion "Luefobiy" {freeze, rElec rPois
                  | Str+3 Int-4}
  1296 | D:2      | Found a faded altar of an unknown god.
  1725 | D:3      | Noticed a kobold brigand
  2038 | D:3      | Killed a kobold brigand
  2038 | D:3      | HP: 1/33 [poisoned by a kobold brigand]
  2039 | D:3      | Reached skill level 6 in Crossbows
  2039 | D:3      | Reached XP level 5. HP: 2/38 MP: 5/5
  3103 | D:4      | Identified the +3 leather armour of Dyspraxia {rN++ Will+
                  | Str+2}
  3158 | D:4      | Reached XP level 6. HP: 44/44 MP: 6/6
  3198 | D:4      | Noticed Robin
  3217 | D:4      | Reached skill level 7 in Crossbows
  3686 | D:4      | Reached XP level 7. HP: 42/50 MP: 7/7
  3738 | D:4      | Noticed Blork the orc
  3929 | D:4      | Reached skill level 8 in Crossbows
  4022 | D:4      | Killed Robin
  4358 | D:4      | Killed Blork the orc
  4463 | D:5      | Entered Level 5 of the Dungeon
  4468 | D:5      | You fall into a shaft and drop 1 floor!
  4484 | D:6      | Reached skill level 9 in Crossbows
  4546 | D:6      | Reached XP level 8. HP: 29/56 MP: 8/8
  4735 | D:6      | Found a glowing drain.
  4752 | Sewer    | Entered a sewer
  4798 | Sewer    | Noticed Pargi
  4804 | Sewer    | Killed Pargi
  5039 | D:5      | Found a staircase to the Ecumenical Temple.
  5043 | D:5      | Identified the ring of Cifirr {rF+ rC+ Int-4 Dex+2 Stlth+}
  5056 | Temple   | Entered the Ecumenical Temple
  5311 | Temple   | Became a worshipper of Hepliaklqana the Forgotten
  5355 | D:5      | Found Nariary's Hydra Hut.
  5358 | D:5      | Noticed a four-headed hydra
  5417 | D:5      | Reached skill level 10 in Crossbows
  6487 | D:5      | Reached XP level 9. HP: 65/65 MP: 9/9
  6806 | D:5      | Reached skill level 11 in Crossbows
  6900 | D:6      | Found a runed translucent gate.
  6901 | D:6      | Found a runed translucent gate.
  6901 | D:6      | Found a runed translucent gate.
  6903 | D:6      | Noticed conein's ghost (weakling PaWr)
  6998 | D:6      | Reached * piety under Hepliaklqana
  7132 | D:6      | Reached skill level 5 in Fighting
  7618 | D:7      | Reached skill level 12 in Crossbows
  7712 | D:7      | Found a shimmering blue altar of Sif Muna.
  7720 | D:7      | Reached XP level 10. HP: 68/68 MP: 10/10
  7826 | D:7      | Noticed Maggie
  7879 | D:7      | Killed Maggie
  7880 | D:7      | Reached skill level 13 in Crossbows
  8314 | D:7      | Noticed Joseph
  8330 | D:7      | Killed Joseph
  8496 | D:7      | Noticed Duvessa
  8497 | D:7      | Noticed Dowan
  8510 | D:7      | Killed Dowan
  8514 | D:7      | Killed Duvessa
  8615 | D:8      | Noticed Prince Ribbit
  8625 | D:8      | Killed Prince Ribbit
  8626 | D:8      | Found a snail-covered altar of Cheibriados.
  8661 | D:8      | Found Zanwepre's Antique Armour Shop.
  8663 | D:8      | Found Rituxad's Book Shop.
  8819 | D:8      | Noticed Pikel
  9566 | D:8      | Reached skill level 5 in Polearms
  9960 | D:8      | Found Faerghudi's Antique Armour Shop.
 10216 | D:8      | Reached XP level 11. HP: 78/78 MP: 11/11
 10272 | D:8      | Killed Pikel
 10278 | D:8      | Found Ajiynovout's Armour Shoppe.
 10343 | D:8      | Reached ** piety under Hepliaklqana
 10862 | D:8      | Found Aqoirch's Book Boutique.
 10924 | D:9      | Noticed a centaur warrior
 11571 | D:9      | Killed a centaur warrior
 11966 | D:8      | Noticed a sixfirhy
 11972 | D:8      | Noticed a sun demon
 11982 | D:8      | You fall into a shaft and drop 2 floors!
 11982 | D:10     | Entered Level 10 of the Dungeon
 12026 | D:10     | Reached skill level 10 in Fighting
 12049 | D:10     | Remembered your ancestor Edmée as a knight
 12433 | D:10     | Noticed Amaemon
 12525 | D:9      | Reached XP level 12. HP: 61/88 MP: 10/12
 12641 | D:9      | Reached *** piety under Hepliaklqana
 12665 | D:9      | Found an iron altar of Okawaru.
 12666 | D:9      | Found a glowing silver altar of Zin.
 12668 | D:9      | Found a sacrificial altar of Ru.
 12671 | D:9      | Found a basalt altar of Yredelemnul.
 12871 | D:9      | Found a shimmering altar of Xom.
 13040 | D:9      | Found a runed translucent gate.
 13041 | D:9      | Found a runed translucent gate.
 13041 | D:9      | Found an opulent altar of Gozag.
 13042 | D:9      | Found a runed translucent gate.
 13044 | D:9      | Noticed Karim's ghost (novice GnFi)
 13093 | D:8      | Reached skill level 10 in Polearms
 13330 | D:10     | Found a stormy altar of Qazlal.
 13425 | D:10     | Killed Amaemon
 13824 | D:10     | Identified the +2 scale mail of the Blacksmith {Str+3 Int+3
                  | SInv}
 13825 | D:10     | Found a staircase to the Lair.
 13936 | D:10     | Noticed a centaur warrior
 13954 | D:10     | Killed a centaur warrior
 15458 | D:11     | Reached **** piety under Hepliaklqana
 15550 | D:11     | Noticed a two-headed ogre
 15556 | D:11     | Killed a two-headed ogre
 15808 | D:11     | Found a staircase to the Orcish Mines.
 16307 | Lair:1   | Entered Level 1 of the Lair of Beasts
 16312 | Lair:1   | Noticed a seven-headed hydra
 16338 | D:10     | Reached skill level 1 in Shields
 16825 | Lair:1   | Killed a seven-headed hydra
 17182 | Lair:1   | Noticed Fannar
 17226 | Lair:1   | Killed Fannar
 17227 | Lair:1   | Reached XP level 13. HP: 86/96 MP: 13/13
 17573 | Lair:1   | Reached skill level 5 in Shields
 17582 | Lair:1   | Reached skill level 1 in Armour
 17808 | Lair:2   | Reached skill level 1 in Evocations
 18840 | Lair:2   | Reached ***** piety under Hepliaklqana
 19635 | Lair:3   | Noticed an eight-headed hydra
 20252 | Lair:3   | Reached XP level 14. HP: 89/104 MP: 14/14
 20308 | Lair:3   | Found a staircase to the Snake Pit.
 20341 | Lair:3   | Reached skill level 5 in Armour
 20568 | Lair:3   | Found a runed translucent door.
 20568 | Lair:3   | Found a shimmering altar of Xom.
 20568 | Lair:3   | Noticed Zgarb's ghost (journeyman GrEE)
 20882 | Lair:3   | Reached skill level 5 in Evocations
 21191 | Lair:3   | Reached skill level 10 in Shields
 21793 | Lair:4   | Found a staircase to the Swamp.
 22020 | Lair:4   | You fall into a shaft and drop 1 floor!
 23356 | Lair:6   | Entered Level 6 of the Lair of Beasts
 23366 | Lair:5   | Reached skill level 14 in Crossbows
 23639 | Lair:6   | Identified the +1 chain mail of Reirghapi {rElec}
 23722 | Lair:6   | Identified the ring "Utren Duneun" {Will+ rCorr Str+2}
 24046 | Lair:6   | Reached XP level 15. HP: 110/110 MP: 15/15
 24319 | Lair:6   | Reached ****** piety under Hepliaklqana
 24824 | Lair:6   | Reached skill level 15 in Crossbows
 24951 | Lair:6   | Found a viscous altar of Jiyva.
 24951 | Lair:6   | Found a staircase to the Slime Pits.
 25138 | D:12     | Found Zuruc's Weapon Emporium.
 25448 | D:12     | Found the +3 pair of seven-league boots {Rampage+∞}
 25851 | D:12     | Found a glowing silver altar of Zin.
 25901 | D:13     | Noticed Lodul
 25927 | D:13     | Killed Lodul
 26169 | D:13     | Noticed Jorgrun
 26181 | D:13     | Killed Jorgrun
 26189 | D:13     | Noticed Rupert
 26209 | D:13     | Killed Rupert
 26257 | D:13     | Found a basalt altar of Yredelemnul.
 26441 | D:13     | Identified the +1 ring mail "Wagucun" {rN+}
 26528 | D:13     | Reached skill level 16 in Crossbows
 26636 | D:13     | Reached XP level 16. HP: 109/117 MP: 16/16
 26637 | D:13     | Found a gate to the Vaults.
 27062 | D:14     | Noticed Kirke
 27105 | D:14     | Reached skill level 10 in Armour
 27216 | D:14     | Killed Kirke
 27217 | D:14     | Reached skill level 10 in Evocations
 27788 | D:15     | Entered Level 15 of the Dungeon
 27956 | D:15     | Reached skill level 17 in Crossbows
 28365 | D:15     | Found a staircase to the Depths.
 28656 | Orc:1    | Entered Level 1 of the Orcish Mines
 28720 | Orc:1    | Found Mytue's Jewellery Shop.
 28949 | Orc:2    | Entered Level 2 of the Orcish Mines
 29106 | Orc:2    | Found a staircase to the Elven Halls.
 29254 | Orc:2    | Reached XP level 17. HP: 99/122 MP: 17/17
 29307 | Orc:2    | Reached skill level 1 in Invocations
 29310 | Orc:1    | Found a burning altar of Makhleb.
 29409 | Orc:1    | Noticed Sonja
 29436 | Orc:1    | Killed Sonja
 29719 | Orc:2    | Found a runed translucent door.
 29981 | Orc:2    | Found Tefeple's General Store.
 29981 | Orc:2    | Found Fesi's Antique Weapon Shoppe.
 29981 | Orc:2    | Found Jeraipy's Weapon Emporium.
 29981 | Orc:2    | Found Nontegh's Weapon Boutique.
 30022 | Orc:2    | Bought a potion of heal wounds for 80 gold pieces
 30022 | Orc:2    | Bought a scroll of enchant armour for 120 gold pieces
 30155 | Orc:2    | Noticed p0werm0de's ghost (journeyman DDFi)
 30373 | Snake:1  | Entered Level 1 of the Snake Pit
 30421 | Snake:1  | Reached skill level 18 in Crossbows
 30831 | Snake:1  | Reached skill level 5 in Dodging
 31172 | Snake:2  | Noticed Vashnia
 31479 | Snake:2  | Reached skill level 5 in Invocations
 31648 | Snake:2  | Demolished by a naga warrior

Illustrated notes

Levels and vault maps discovered:
D:1:      amcnicky_arrival_underground_garden, layout_loops_cross, serial_shops,
          nicolae_shop_trees, serial_park_tiny_1
D:2:      minmay_recursive_quarters, layout_basic, basic_ecumenical_altar
D:3:      cheibrodos_thug_alley, layout_basic, nicolae_wormholes
D:4:      layout_loops_ring, uniq_robin, uniq_blork_the_orc
D:5:      layout_basic, minmay_temple_entry_ruins, doesnt_shop_hydraphobe
D:6:      minmay_skewed_foursquare, layout_gridville, ebering_ghost_rock_garden,
          cheibrodos_sewer_entry_bend
D:7:      layout_rooms, mainiacjoe_overflow_catwalk, roderic_roman_lattice,
          uniq_maggie, uniq_duvessa, uniq_joseph
D:8:      layout_gridville, kennysheep_slug_shrine, serial_undead,
          serial_undead_a, serial_undead_b, serial_undead_c, serial_undead_b,
          serial_undead_d, serial_undead_b, serial_undead_c, serial_undead_d,
          serial_undead_d, serial_undead_c, serial_shops, shop,
          nicolae_shop_window_shopping, nicolae_take_the_stairs,
          nicolae_shop_overgrown_old_shop, shop, minivault_24, minmay_puff,
          uniq_prince_ribbit1, uniq_pikel
D:9:      layout_big_octagon, grunt_temple_overflow_open, ebering_ghost_gozag
D:10:     cheibrodos_two_vegetables, layout_rooms,
          nicolae_qazlal_general_emergency, david_lair_shrubbed, enter_bailey_5,
          uniq_amaemon
D:11:     layout_irregular_city, orc_0_dummy, hex_tiny, moated_statue,
          lightli_minifort
D:12:     layout_loops_ring, serial_shops, nicolae_shop_bloodbath_and_beyond,
          zin_statuary
D:13:     layout_basic, grunt_vaults_entry_tiered,
          lemuel_zombie_altar_yredelemnul, uniq_rupert, uniq_lodul, uniq_jorgrun
D:14:     layout_cave_pools, small_statue_alley_a, hangedman_ranch, uniq_kirke
D:15:     grunt_enter_depths_magical_seal, layout_basic
Temple:   dpeg_chambers_temple
Lair:1:   layout_chaotic_city, serial_bayou_shore_b, serial_bayou_shore_b,
          lemuel_fruit_fields, uniq_fannar
Lair:2:   layout_chaotic_city, serial_bayou_ford_a, minmay_lair_oklob_bushes,
          beast_lair_carwin_3, grunt_megastairs_4
Lair:3:   layout_small_grid, minmay_snake_entry_six_corridors, ebering_ghost_xom
Lair:4:   layout_big_grid, minmay_swamp_entry_wisps
Lair:5:   minmay_lair_oklob_tunnel, layout_regular_city, serial_bayou_shore_b,
          lemuel_fruit_tree, grunt_megastairs_3
Lair:6:   gammafunk_lair_ancient_temple, layout_regular_city,
          dpeg_slime_entry_enclosed_altar
Snake:1:  layout_cave_shapes, grunt_megastairs_1
Snake:2:  layout_grid_maze, special_room, uniq_vashnia, uniq_frances, uniq_aizul
Orc:1:    layout_caves, serial_shops, shop, bloody_makhleb, uniq_sonja
Orc:2:    st_orc_ogre_mass, layout_caves, ebering_ghost_inner_flame

Skill      XL: |  1  2  3  4  5  6  7  8  9 10 11 12 13 14 15 16 17 |
---------------+----------------------------------------------------+-----
Crossbows      | 5 6 7 9 10 12 13 14 16 17 18 | 18.5
Fighting       | 3 6 8 10 11 12 13 | 13.7
Polearms       | 5 9 12 | 12.0
Shields        | 4 9 10 11 | 11.6
Armour         | 4 7 9 10 | 10.5
Evocations     | 4 7 9 11 | 11.5
Dodging        | 3 5 |  5.6
Invocations    | 5 |  5.3
Stealth        | |  1.2

Action                   |  1- 3 |  4- 6 |  7- 9 | 10-12 | 13-15 | 16-18 || total
-------------------------+-------+-------+-------+-------+-------+-------++-------
Melee: Falchion          |       |    95 |   210 |    17 |       |       ||   322
       Punch             |       |       |     5 |     5 |       |       ||    10
       Lance             |       |       |       |   519 |   435 |   424 ||  1378
 Fire: Hand crossbow     |    65 |    66 |   146 |   240 |   283 |       ||   800
       Triple crossbow   |       |       |       |       |   268 |   390 ||   658
Invok: Recall Ancestor   |       |       |       |     4 |     2 |       ||     6
       Ancestor Life: Kn |       |       |       |     1 |       |       ||     1
       Transference      |       |       |       |     1 |     1 |     1 ||     3
       Idealise          |       |       |       |     1 |     1 |       ||     2
 Abil: Dig               |       |       |     1 |     3 |     1 |       ||     5
       Shaft Self        |       |       |       |     1 |       |     1 ||     2
Evoke: Wand              |       |       |       |     2 |    10 |     1 ||    13
       Condenser vane    |       |       |       |       |     1 |     1 ||     2
       Phantom mirror    |       |       |       |       |       |     1 ||     1
  Use: Potion            |       |       |       |    11 |       |     4 ||    15
       Scroll            |       |       |       |    21 |    11 |     5 ||    37
 Stab: Distracted        |       |     1 |       |     5 |     2 |     4 ||    12
       Sleeping          |       |       |     1 |     2 |     2 |       ||     5
       Petrified         |       |       |       |       |     4 |       ||     4
       Petrifying        |       |       |       |       |     3 |       ||     3
Armor: Leather armour    |    13 |    51 |   134 |   220 |   115 |   136 ||   669
Dodge: Dodged            |    20 |   109 |   135 |   293 |   121 |   144 ||   822
Block: Buckler           |       |       |       |       |    57 |   128 ||   185

Table legend: (Time is in decaauts)
 A = Elapsed time spent in this place.
 B = Non-inter-level travel time spent in this place.
 C = Inter-level travel time spent in this place.
 D = Time resting spent in this place.
 E = Time spent auto-exploring this place.
 F = Levels seen in this place.
 G = Mean time per level.
                   A        B        C        D        E       F      G
               +--------+--------+--------+--------+--------+-----+--------+
         Total |  31574 |  30096 |   1478 |   8740 |  14442 |  27 | 1169.4 |
       Dungeon |  19995 |  18974 |   1021 |   6289 |   8778 |  15 | 1333.0 |
        Temple |    283 |    257 |     26 |      0 |    232 |   1 |  283.0 |
          Lair |   8264 |   7888 |    376 |   2042 |   3886 |   6 | 1377.3 |
     Snake Pit |   1236 |   1220 |     16 |    179 |    683 |   2 |  618.0 |
  Orcish Mines |   1599 |   1561 |     38 |    230 |    746 |   2 |  799.5 |
         Sewer |    193 |    193 |      0 |      0 |    116 |   1 |  193.0 |
               +--------+--------+--------+--------+--------+-----+--------+

Top non-repeatable levels by time:
    D:10: 2675 daAuts
     D:8: 2555 daAuts
  Lair:3: 1939 daAuts
     D:3: 1804 daAuts
  Lair:5: 1649 daAuts
     D:7: 1624 daAuts
  Lair:2: 1596 daAuts
     D:5: 1569 daAuts
     D:9: 1294 daAuts
    D:13: 1260 daAuts
     D:2: 1248 daAuts
    D:11: 1127 daAuts
     D:6: 1122 daAuts
  Lair:6: 1104 daAuts
  Lair:1: 1086 daAuts
